Map: Deathaura LE

Players

Couguar

  • Race: Protoss Protoss
  • League: Grandmaster
  • Spawn Location: 5:00

LiquidMaNa (MaNa) - Winner!

  • Race: Protoss Protoss
  • League: Grandmaster
  • Spawn Location: 11:00

Event: DreamHack SC2 Masters 2020 Fall

VOD

Have the link to the VOD?

Description

Time

  • Played on: Sept. 5, 2020, 12:12 p.m.
  • Length: 10:26

All games in this series

Show
View Real Time Build Order
Export as new Build Order

Couguar Protoss 

Build Orders:  

Get SALT Encoding   

  12  0:00  Probe  
  13  0:12  Probe  
  14  0:19  Pylon  
  14  0:24  Probe (Chrono Boost)  
  15  0:37  Gateway  
  15  0:38  Probe (Chrono Boost)  
  16  0:45  Probe (Chrono Boost)  
  16  0:47  Assimilator  
  17  0:52  Probe  
  17  0:55  Assimilator  
  18  1:04  Probe (Chrono Boost)  
  18  1:08  Gateway  
  19  1:16  Probe (Chrono Boost)  
  20  1:24  Probe (Chrono Boost)  
  21  1:26  Cybernetics Core  
  21  1:30  Probe  
  22  1:38  Pylon  
  22  1:42  Probe  
  23  1:56  Probe  
  24  2:05  Stalker x2  
  24  2:06  Warp Gate  
  28  2:10  Probe  
  29  2:17  Pylon  
  29  2:26  Probe, Pylon  
  30  2:39  Sentry x2, Probe  
  35  2:53  Probe  
  36  3:01  Nexus  
  36  3:04  Pylon  
  36  3:07  Shield Battery  
  34  3:17  Probe  
  33  3:29  Probe (Chrono Boost)  
  33  3:33  Twilight Council  
  33  3:37  Shield Battery  
  33  3:39  Probe (Chrono Boost)  
  34  3:44  Probe (Chrono Boost)  
  35  3:54  Stalker x2  
  39  4:02  Shield Battery  
  39  4:08  Blink (Chrono Boost)  
  39  4:16  Probe (Chrono Boost)  
  39  4:26  Forge  
  39  4:28  Probe (Chrono Boost)  
  40  4:37  Probe x2 (Chrono Boost)  
  42  4:39  Sentry  
  42  4:44  Probe (Chrono Boost)  
  46  4:46  Probe (Chrono Boost)  
  46  4:49  Probe (Chrono Boost)  
  47  4:54  Probe  
  47  4:58  Protoss Ground Weapons Level 1 (Chrono Boost)  
  48  5:00  Pylon  
  48  5:01  Probe  
  48  5:02  Stalker  
  48  5:06  Probe  
  52  5:08  Pylon  
  52  5:13  Probe  
  53  5:17  Stalker  
  52  5:23  Probe  
  45  5:34  Stalker  
  45  5:35  Probe (Chrono Boost)  
  46  5:38  Probe (Chrono Boost)  
  46  5:49  Probe (Chrono Boost)  
  48  5:50  Probe (Chrono Boost)  
  50  5:58  Probe x2 (Chrono Boost)  
  50  6:02  Probe (Chrono Boost)  
  50  6:04  Probe  
  50  6:05  Nexus  
  52  6:12  Robotics Facility  
  52  6:13  Probe  
  52  6:16  Probe  
  54  6:20  Assimilator  
  54  6:25  Probe  
  54  6:27  Sentry  
  54  6:29  Probe  
  54  6:31  Gateway  
  58  6:33  Gateway  
  58  6:37  Stalker  
  61  6:40  Probe  
  61  6:43  Charge  
  61  6:46  Pylon  
  61  6:52  Probe  
  61  6:53  Probe  
  63  7:01  Immortal (Chrono Boost)  
  63  7:02  Pylon  
  63  7:04  Probe  
  68  7:08  Photon Cannon  
  68  7:12  Sentry  
  68  7:14  Stalker  
  72  7:21  Photon Cannon  
  73  7:24  Shield Battery  
  73  7:25  Protoss Ground Weapons Level 2 (Chrono Boost)  
  73  7:26  Probe x2  
  74  7:31  Probe  
  75  7:38  Probe  
  75  7:39  Gateway  
  75  7:41  Gateway  
  76  7:44  Probe x2  
  76  7:49  Immortal (Chrono Boost)  
  78  7:57  Probe x2  
  84  7:59  Shield Battery  
  84  8:03  Probe  
  84  8:05  Pylon  
  85  8:11  Probe x2  
  87  8:15  Probe  
  87  8:18  Assimilator  
  88  8:20  Assimilator  
  88  8:21  Templar Archives  
  88  8:22  Observer, Pylon  
  88  8:23  Assimilator  
  88  8:26  Probe  
  91  8:27  Probe  
  91  8:31  Zealot x3  
  97  8:38  Sentry, Stalker x2  
  99  8:42  Shield Battery  
  78  8:57  Zealot x3  
  78  9:01  Zealot  
  78  9:02  Zealot x2  
  87  9:07  Immortal  
  81  9:17  Zealot x2  
  81  9:22  Stalker  
  81  9:23  Stalker x3  
  76  9:26  Probe x2  
  67  9:34  Stalker x2  
  69  9:39  Probe x2 (Chrono Boost)  
  69  9:44  Probe (Chrono Boost)  
  71  9:47  High Templar, Observer  
  71  9:48  High Templar  
  71  9:49  Zealot  
  71  9:50  Probe (Chrono Boost)  
  71  9:52  Archon  
  79  9:54  Probe  
  79  9:55  Probe  
  79  9:58  Pylon  
  75  10:11  Stalker  
  75  10:12  Stalker x2  
  78  10:18  Zealot  
Show
View Real Time Build Order
Export as new Build Order

LiquidMaNa Protoss - Winner!

Build Orders: Oracle Opening 

Get SALT Encoding   

  12  0:00  Probe  
  13  0:12  Probe  
  14  0:17  Pylon  
  14  0:24  Probe (Chrono Boost)  
  15  0:36  Probe (Chrono Boost)  
  15  0:37  Gateway  
  16  0:44  Probe (Chrono Boost)  
  16  0:47  Assimilator  
  17  0:51  Probe  
  18  1:03  Probe (Chrono Boost)  
  19  1:04  Assimilator  
  19  1:08  Gateway  
  20  1:12  Probe (Chrono Boost)  
  20  1:17  Probe (Chrono Boost)  
  20  1:24  Cybernetics Core  
  21  1:29  Probe  
  21  1:35  Pylon  
  21  1:41  Probe  
  22  1:53  Probe  
  23  1:57  Warp Gate (Chrono Boost)  
  23  2:00  Adept x2  
  27  2:05  Probe  
  28  2:10  Pylon  
  28  2:18  Probe  
  29  2:22  Stargate  
  29  2:30  Adept  
  29  2:33  Adept  
  29  2:36  Probe  
  34  3:00  Nexus  
  34  3:10  Oracle (Chrono Boost)  
  37  3:33  Pylon x2  
  35  3:49  Oracle  
  35  3:53  Stalker x2  
  35  3:54  Probe  
  43  3:56  Robotics Facility  
  43  4:06  Probe  
  44  4:18  Probe x2  
  44  4:27  Adept x2  
  44  4:30  Probe x2  
  50  4:36  Pylon  
  50  4:42  Probe  
  50  4:43  Probe  
  50  4:45  Immortal  
  56  4:49  Pylon  
  56  4:54  Probe  
  56  4:57  Probe  
  56  4:59  Sentry  
  60  5:01  Shield Battery, Sentry  
  60  5:06  Probe  
  63  5:09  Probe  
  63  5:12  Forge  
  64  5:18  Probe  
  63  5:33  Probe  
  63  5:34  Probe  
  63  5:35  Immortal  
  65  5:36  Assimilator x2  
  65  5:42  Twilight Council  
  63  5:45  Probe  
  63  5:46  Probe  
  63  5:48  Protoss Ground Weapons Level 1 (Chrono Boost)  
  65  5:56  Pylon  
  65  5:57  Probe  
  65  5:58  Probe  
  65  5:59  Nexus  
  67  6:15  Blink (Chrono Boost)  
  67  6:18  Gateway  
  67  6:19  Gateway  
  67  6:22  Observer  
  67  6:25  Probe x2 (Chrono Boost)  
  70  6:30  Shield Battery  
  70  6:32  Stalker  
  72  6:37  Probe x2 (Chrono Boost), Stalker  
  76  6:44  Probe x2 (Chrono Boost)  
  76  6:46  Pylon  
  78  6:51  Probe x2  
  80  6:55  Gateway x2  
  80  6:57  Observer  
  81  7:03  Probe  
  81  7:05  Stalker x2  
  86  7:12  Gateway  
  86  7:17  Gateway  
  86  7:20  Warp Prism (Chrono Boost)  
  86  7:27  Stalker  
  90  7:30  Stalker  
  90  7:33  Stalker  
  90  7:37  Stalker  
  96  7:38  Probe x2  
  98  7:45  Probe, Photon Cannon  
  98  7:46  Protoss Ground Weapons Level 2 (Chrono Boost)  
  98  7:50  Probe  
  100  8:01  Stalker x4  
  108  8:12  Charge, Stalker x3  
  108  8:19  Pylon  
  108  8:20  Pylon  
  108  8:21  Pylon  
  108  8:38  Stalker x5  
  108  8:40  Zealot  
  108  8:41  Zealot  
  110  8:56  Warp Prism (Chrono Boost)  
  110  9:06  Zealot x7  
  110  9:07  Zealot  
  108  9:31  Stalker  
  108  9:32  Stalker x6  
  108  9:38  Stalker  
  120  9:42  Assimilator  
  120  9:44  Assimilator  
  120  9:53  Observer  
  120  9:55  Stalker x4  
  121  10:16  Stalker x4  

Tags
 
Add a new tag
Caveats
  • Supply blocks, unpowered buildings, or Contaminate may cause inaccurate times.
  • Supply counts are checked every 10 seconds.